 Dungeon Crawl Stone Soup version 0.30-a0-879-ga8ba668304 (webtiles) character file.

Game seed: 8273028065234132606

557 cforsyth the Covered (level 7, -18/57 HPs)
             Began as a Barachi Fighter on Mar 12, 2023.
             Demolished by an ogre
             ... wielding a +0 giant club
              (27 damage)
             ... on level 5 of the Dungeon.
             The game lasted 00:03:32 (3440 turns).

cforsyth the Covered (Barachi Fighter)              Turns: 3440, Time: 00:03:33

Health: -18/57     AC: 10    Str: 26    XL:     7   Next: 30%
Magic:  7/7        EV:  9    Int: 10    God:
Gold:   163        SH:  5    Dex: 11    Spells: 6/6 levels left

rFire   . . .      SeeInvis .    a - +0 war axe
rCold   . . .      Faith    .    c - +0 buckler
rNeg    . . .      Spirit   .    b - +0 scale mail
rPois   .          Reflect  .    (no helmet)
rElec   .          Rampage  .    (no cloak)
rCorr   +                        y - +0 pair of gloves of Mulled {Str+6 Int+2}
Will    .....                    w - +0 pair of boots Stlth
                                 (no amulet)
HPRegen 0.29/turn                p - ring of resist corrosion
MPRegen 0.10/turn                (no ring)

@: slow
A: amphibious, slowness 1, strong legs 1, +LOS
a: Hop


You were on level 5 of the Dungeon.
You visited 2 branches of the dungeon, and saw 6 of its levels.

You collected 163 gold pieces.

Inventory:

Hand Weapons
 a - a +0 war axe (weapon)
Armour
 b - a +0 scale mail (worn)
 c - a +0 buckler (worn)
 w - a +0 pair of boots (worn)
 y - the +0 pair of gloves of Mulled (worn) {Str+6 Int+2}
   (You found it on level 4 of the Dungeon)

   Str:       It affects your strength (+6).
   Int:       It affects your intelligence (+2).
Jewellery
 p - a ring of resist corrosion (left hand)
 u - a +6 ring of intelligence
Scrolls
 e - 2 scrolls of butterflies {unknown}
 f - 4 scrolls of identify {unknown}
 g - a scroll of teleportation {unknown}
 k - a scroll of vulnerability {unknown}
 m - a scroll of blinking {unknown}
 n - a scroll of enchant armour {unknown}
 o - a scroll of noise {unknown}
 q - a scroll of amnesia {unknown}
 v - a scroll of poison {unknown}
 x - a scroll of magic mapping {unknown}
Potions
 d - a potion of might
 h - a potion of cancellation {unknown}
 i - a potion of flight {unknown}
 j - a potion of mutation {unknown}
 l - 2 potions of degeneration {unknown}
 r - a potion of heal wounds {unknown}
 s - a potion of haste {unknown}
 t - 2 potions of curing {unknown}


   Skills:
 + Level 5.8 Fighting
 + Level 4.5 Axes
 + Level 5.8 Armour
 + Level 5.3 Shields


You had 6 spell levels left.
You didn't know any spells.
Your spell library contained the following spells:

 Spells                   Type           Power      Damage    Failure   Level
 Apportation              Tloc           0%         N/A       71%         1
 Necrotise                Necr           0%         1d4       71%         1
 Summon Small Mammal      Summ           0%         N/A       71%         1


Dungeon Overview and Level Annotations

Branches:
Dungeon (5/15)             Temple (1/1) D:4

Altars:
Dithmenos
Elyvilon
Fedhas
Gozag
Hepliaklqana
Kikubaaqudgha
Nemelex Xobeh
Sif Muna
Trog
Wu Jian
Xom
Yredelemnul
Zin

Shops:
D:1 [*=[

Annotations:
D:4 1 transporter, cforsyth's ghost, novice BaFi


Innate Abilities, Weirdness & Mutations

You are amphibious.
You cover ground slowly.
You can hop short distances.
You have an extended range of vision and can be seen from far away.


Message History

You miss something.
You hear some strange, mumbled words.
A magic dart appears from out of thin air!
The magic dart hits you.
You barely miss something. Something hits you.
* * * LOW HITPOINT WARNING * * *
You barely miss something. Something hits you.
* * * LOW HITPOINT WARNING * * *
You hit something.
Reactivating autopickup.
You feel a bit more experienced.
You have reached level 7!
You start resting.
HP restored.
You start waiting.
Done waiting.
Things that are here:
a +0 scythe; a +0 robe; the human skeleton of Sigmund
There is a stone staircase leading down, spattered with blood here.
You climb downwards.
The ogre hits you with a +0 giant club!
There is a stone staircase leading up, spattered with blood here.
You hit the ogre but do no damage. The ogre barely misses you.
You slash the ogre!
The ogre is moderately wounded.
The ogre hits you with a +0 giant club!
You slash the ogre!
The ogre is heavily wounded.
The ogre hits you with a +0 giant club!!
* * * LOW HITPOINT WARNING * * *
You are too injured to fight recklessly!
You are too injured to fight recklessly!
You are too injured to fight recklessly!
You are too injured to fight recklessly!
You are too injured to fight recklessly!
You are too injured to fight recklessly!
You are too injured to fight recklessly!
You barely miss the ogre.
The ogre is heavily wounded.
The ogre hits you with a +0 giant club!!
You die...

.. .....# . ..
##[....# .. .###
......# ... #...
...... ....#...
..... ........
...# ##
........#..##...#
.......O.........
#..@.# ###..#
##... ##.# ##


You could see an ogre.

Vanquished Creatures
  Sigmund (D:4)
  A black bear (D:4)
  An ogre (D:4)
  Blork the orc (D:4)
  A jelly (D:4)
  6 adders
  An ufetubus (D:4)
  2 dart slugs
  An orc (D:4)
  4 bats
  8 endoplasms
  3 giant cockroaches
  3 hobgoblins
  6 kobolds
  4 quokkas
  6 ball pythons
  4 frilled lizards
  7 goblins
  10 rats
70 creatures vanquished.

Notes
Turn   | Place    | Note
-------+----------+-------------------------------------------
     0 | D:1      | cforsyth the Barachi Fighter began the quest for the Orb.
     0 | D:1      | Reached XP level 1. HP: 18/18 MP: 1/1
    32 | D:1      | Found Gub Tiri's Assorted Antiques.
    86 | D:1      | Found Ixafast's Jewellery Boutique.
   168 | D:1      | Reached XP level 2. HP: 21/25 MP: 2/2
   183 | D:1      | Found Meupn's Armour Shop.
   367 | D:1      | Found Boryaf's Antique Armour Emporium.
   829 | D:2      | Reached XP level 3. HP: 30/30 MP: 3/3
  1319 | D:3      | Reached XP level 4. HP: 37/37 MP: 4/4
  1352 | D:3      | Found a shimmering blue altar of Sif Muna.
  1467 | D:3      | Found an opulent altar of Gozag.
  2014 | D:4      | Noticed Blork the orc
  2015 | D:4      | Found a faded altar of an unknown god.
  2015 | D:4      | Found a hazy altar of Hepliaklqana.
  2025 | D:4      | Killed Blork the orc
  2026 | D:4      | Reached XP level 5. HP: 5/43 MP: 5/5
  2197 | D:4      | Found a staircase to the Ecumenical Temple.
  2203 | D:4      | Noticed an ogre
  2208 | D:4      | Killed an ogre
  2209 | D:4      | Reached skill level 5 in Fighting
  2209 | D:4      | Reached skill level 5 in Armour
  2209 | D:4      | Reached XP level 6. HP: 39/51 MP: 6/6
  2217 | Temple   | Entered the Ecumenical Temple
  2723 | D:4      | Found a transporter.
  2724 | D:4      | Noticed cforsyth's ghost (novice BaFi)
  2725 | D:4      | Identified the +3 dire flail of Laharch {venom, rC+ Dex+2}
  2944 | D:4      | Noticed a black bear
  2955 | D:4      | Killed a black bear
  2956 | D:4      | Reached skill level 5 in Shields
  3060 | D:4      | Identified the +0 pair of gloves of Mulled {Str+6 Int+2}
  3158 | D:5      | Entered Level 5 of the Dungeon
  3158 | D:5      | Noticed Sigmund
  3181 | D:4      | Killed Sigmund
  3182 | D:4      | Reached XP level 7. HP: 13/57 MP: 7/7
  3440 | D:5      | Demolished by an ogre

Illustrated notes

Levels and vault maps discovered:
D:1:      wander_arrival_abandoned_jail, layout_basic, serial_shops, shop,
          nicolae_shop_crystal, nicolae_shop_statue_plus, shop
D:2:      layout_rooms
D:3:      layout_loops_ring, old_standard_altar, mainiacjoe_overflow_brackets
D:4:      layout_loops_ring, beargit_hepliaklqana_dungeon_heroes,
          minmay_temple_entry_grid, gammafunk_ghost_smash,
          kennysheep_generic_room_15
D:5:      layout_cave_pools, mainiacjoe_overflow_paths,
          hangedman_decor_slide_cut, kennysheep_generic_room_10, uniq_sigmund
Temple:   hellmonk_temple_beads

Skill      XL: |  1  2  3  4  5  6 |
---------------+-------------------+-----
Armour         | 4 5 |  5.8
Fighting       | 4 5 |  5.8
Axes           | 3 4 |  4.5
Shields        | 4 5 |  5.3

Action                     |  1- 3 |  4- 6 |  7- 9 || total
---------------------------+-------+-------+-------++-------
  Melee: War axe           |   122 |   115 |     4 ||   241
 Armour: Scale mail        |    66 |    61 |       ||   127
  Dodge: Dodged            |    52 |    54 |     1 ||   107
  Block: Buckler           |    26 |    31 |       ||    57

Table legend: (Time is in decaauts)
 A = Elapsed time spent in this place.
 B = Non-inter-level travel time spent in this place.
 C = Inter-level travel time spent in this place.
 D = Time resting spent in this place.
 E = Time spent auto-exploring this place.
 F = Levels seen in this place.
 G = Mean time per level.
                   A        B        C        D        E       F      G
               +--------+--------+--------+--------+--------+-----+--------+
         Total |   3978 |   3819 |    159 |    251 |   2905 |   6 |  663.0 |
       Dungeon |   3746 |   3673 |     73 |    251 |   2771 |   5 |  749.2 |
        Temple |    232 |    146 |     86 |      0 |    134 |   1 |  232.0 |
               +--------+--------+--------+--------+--------+-----+--------+

Top non-repeatable levels by time:
     D:4: 1452 daAuts
     D:1: 963 daAuts
     D:3: 797 daAuts
     D:2: 524 daAuts
  Temple: 232 daAuts
     D:5: 8 daAuts
